 Dungeon Crawl Stone Soup version 0.25.1-1-g288607f5aa (webtiles) character file.

Game seed: 5494600447443310242

159 protoss039 the Sneak (level 5, 0/28 HPs)
             Began as a Vampire Enchanter on July 23, 2020.
             Killed from afar by an orc wizard (7 damage)
             ... with a magic dart
             ... on level 3 of the Dungeon.
             The game lasted 00:08:53 (2760 turns).

protoss039 the Sneak (Vampire Enchanter)            Turns: 2760, Time: 00:08:54

Health: 0/28       AC:  2    Str: 13    XL:     5   Next: 17%
Magic:  1/9        EV: 13    Int: 17    God:
Gold:   151        SH:  0    Dex: 16    Spells: 3/9 levels left

rFire    . . .     SeeInvis +   n - +1 dagger (speed)
rCold    + + .     Gourm    .   (no shield)
rNeg     + + +     Faith    .   b - +0 robe
rPois    ∞         Spirit   .   (no helmet)
rElec    .         Reflect  .   (no cloak)
rCorr    .         Harm     .   (no gloves)
MR       .....                  (no boots)
Stlth    +++++.....             (no amulet)
HPRegen  0.00/turn              m - +6 ring of strength
MPRegen  0.11/turn              (no ring)

@: very slightly contaminated, bloodless
A: no food, fangs 3, see invisible, unbreathing
a: Bat Form, Revivify


You were on level 3 of the Dungeon.
You were bloodless.

You visited 1 branch of the dungeon, and saw 3 of its levels.

You collected 151 gold pieces.

Inventory:

Hand Weapons
 n - a +1 dagger of speed (weapon)
Armour
 b - a +0 robe (worn)
 c - a +0 leather armour
Jewellery
 m - a +6 ring of strength (left hand)
Scrolls
 d - 6 scrolls of identify {unknown}
 f - a scroll of blinking {unknown}
 i - 2 scrolls of teleportation {unknown}
 l - a scroll of magic mapping {unknown}
 o - a scroll of fear {unknown}
 p - a scroll of enchant armour {unknown}
 q - a scroll of remove curse {unknown}
Potions
 a - 2 potions of invisibility {unknown}
 e - a potion of cancellation {unknown}
 g - a potion of might {unknown}
 h - a potion of heal wounds {unknown}
 j - 2 potions of lignification {unknown}
 k - a potion of curing


   Skills:
 + Level 2.1 Short Blades
 + Level 2.6 Dodging
 + Level 6.4 Stealth
 + Level 2.8 Spellcasting
 + Level 5.6 Hexes
 + Level 0.5 Ice Magic


You had 3 spell levels left.
You knew the following spells:

 Your Spells              Type           Power        Failure   Level  Hunger
a - Corona                Hex            ###....      1%          1    N/A
b - Ensorcelled Hibernat  Hex/Ice        ##....       8%          2    N/A
c - Confusing Touch       Hex            ###.....     5%          3    N/A

Your spell library contained the following spells:

 Spells                   Type           Power        Failure   Level  Hunger
 Tukima's Dance           Hex            ###.....     5%          3    N/A
 Dazzling Flash           Conj/Hex       ##....       17%         3    N/A

Dungeon Overview and Level Annotations

Branches:
Dungeon (3/15)

Altars:
Ashenzari
Elyvilon
Kikubaaqudgha
Makhleb
Qazlal
Ru


Innate Abilities, Weirdness & Mutations

You do not eat.
You do not regenerate when monsters are visible.
You are frail without blood (-20% HP).
You can heal yourself when you bite living creatures.
You are immune to poison.
You have razor-sharp teeth.
You have supernaturally acute eyesight. (SInv)
You can survive without breathing.


Message History

Unknown command.
Unknown command.
You barely miss the orc wizard. Your bite misses the orc wizard.
The orc wizard is moderately wounded.
The orc wizard hits you but does no damage.
Unknown command.
You hit the orc wizard.
The orc wizard is heavily wounded.
The orc wizard completely misses you.
Unknown command.
You hit the orc wizard but do no damage.
Your bite misses the orc wizard.
The orc wizard is heavily wounded.
The orc wizard closely misses you.
Unknown command.
You barely miss the orc wizard.
The orc wizard is heavily wounded.
The orc wizard casts a spell at you. The magic dart hits you!
You die...

#....)..# ###...
#.......## ####≈≈≈≈≈
#o.......###≈≈≈≈≈≈≈≈
#)##..#...≈≈≈≈≈≈≈≈≈≈ ...
#..#.≈≈≈≈≈≈≈≈≈≈≈≈ .....
##.#≈≈≈≈≈≈≈≈K≈...
.......###.≈≈≈≈≈≈≈≈....##
.......#.o.≈≈≈≈≈≈...#####
.......#@#.≈≈≈≈...#......
######.#........###......
#.#..#######......
#'#........#......
........##.'......
..........#.#......
...........#.......#
..............#######
r..................#


You could see an orc wizard (fast).

Vanquished Creatures
  An orc priest (D:3)
  4 gnolls
  3 adders (D:2)
  An ooze (D:3)
  A worm (D:2)
  A dart slug (D:2)
  A leopard gecko (D:2)
  4 orcs
  13 bats
  A giant cockroach (D:2)
  2 goblins
  5 hobgoblins
  3 frilled lizards
  7 kobolds
  11 rats
58 creatures vanquished.

Notes
Turn   | Place    | Note
-------+----------+-------------------------------------------
     0 | D:1      | protoss039 the Vampire Enchanter began the quest for the
                  | Orb.
     0 | D:1      | Reached XP level 1. HP: 13/13 MP: 3/3
   192 | D:1      | Reached XP level 2. HP: 19/19 MP: 5/5
   277 | D:1      | Reached skill level 5 in Stealth
   383 | D:1      | Reached skill level 5 in Hexes
   468 | D:1      | Reached XP level 3. HP: 18/24 MP: 3/6
   910 | D:2      | Learned a level 2 spell: Ensorcelled Hibernation
   945 | D:2      | Reached XP level 4. HP: 30/30 MP: 1/7
  1008 | D:2      | Learned a level 3 spell: Confusing Touch
  1422 | D:2      | Found a burning altar of Makhleb.
  1655 | D:2      | Reached skill level 6 in Stealth
  1787 | D:2      | Found a white marble altar of Elyvilon.
  1996 | D:3      | Found a shattered altar of Ashenzari.
  2017 | D:3      | Found a stormy altar of Qazlal.
  2073 | D:3      | Found a sacrificial altar of Ru.
  2073 | D:3      | Found an ancient bone altar of Kikubaaqudgha.
  2728 | D:3      | Reached XP level 5. HP: 28/28 MP: 6/9
  2760 | D:3      | Killed from afar by an orc wizard

Illustrated notes

Levels and vault maps discovered:
D:1:      lemuel_arrival_cross, layout_basic, minmay_tromino_v7
D:2:      layout_loops_corners, nicolae_overflow_hidden_temple
D:3:      wander_river, layout_basic, nicolae_ashenzari_panopticon,
          gammafunk_temple_overflow_statue, old_standard_altar, kennysheep_nub,
          grunt_decor_resistance

Skill      XL: |  1  2  3  4 |
---------------+-------------+-----
Stealth        | 5 6 |  6.4
Hexes          | 5 |  5.6
Short Blades   | 2 |  2.1
Dodging        | |  2.6
Spellcasting   | |  2.8
Ice Magic      | |  0.5

Action                   |  1- 3 |  4- 6 || total
-------------------------+-------+-------++-------
Melee: Dagger            |    91 |    90 ||   181
       Bite              |     6 |     6 ||    12
 Cast: Corona            |    11 |     4 ||    15
       Ensorcelled Hiber |     3 |    21 ||    24
 Abil: Exsanguinate      |       |     1 ||     1
  Use: Potion            |     1 |       ||     1
 Stab: Sleeping          |    12 |    16 ||    28
       Distracted        |       |     1 ||     1
Armor: Robe              |    20 |     5 ||    25
Dodge: Dodged            |    65 |    42 ||   107
